 Dungeon Crawl Stone Soup version 0.29.1-15-g9cfb28693d (webtiles) character file.

Game seed: 3647311429738446124

33 leafyfresh the Sneak (level 3, -1/26 HPs)
             Began as an Octopode Delver on Mar 4, 2023.
             Slain by an ufetubus (5 damage)
             ... on level 4 of the Dungeon.
             The game lasted 00:00:41 (120 turns).

leafyfresh the Sneak (Octopode Delver)               Turns: 120, Time: 00:00:42

Health: -1/26      AC:  1    Str: 11    XL:     3   Next: 29%
Magic:  3/3        EV: 13    Int: 12    God:
Gold:   45         SH:  0    Dex: 15    Spells: 2/2 levels left

rFire   . . .      SeeInvis .   a - +0 short sword
rCold   . . .      Faith    .   (no shield)
rNeg    . . .      Spirit   .   (helmet restricted)
rPois   .          Reflect  .   (no amulet)
rElec   .          Harm     .   (no ring)
rCorr   .          Rampage  .   (no ring)
Will    .....                   (no ring)
Stlth   ++++......              (no ring)
HPRegen 0.08/turn               (no ring)
MPRegen 0.08/turn               (no ring)
                                (no ring)
                                (no ring)

@: no status effects
A: almost no armour, amphibious, 8 rings, camouflage 1, gelatinous body 1,
(nimble swimmer 1), tentacles
a: no special abilities


You were on level 4 of the Dungeon.
You visited 1 branch of the dungeon, and saw 2 of its levels.

You collected 45 gold pieces.

Inventory:

Hand Weapons
 a - a +0 short sword (weapon)
 g - the +8 trident "Efougofe" {venom, Str+3}
   (You found it on level 5 of the Dungeon)

   It poisons the flesh of those it strikes.
   Str:       It affects your strength (+3).
Wands
 f - a wand of digging (3)
Scrolls
 b - a scroll of fog
 c - a scroll of magic mapping
 d - a scroll of fear
 h - a scroll of immolation {unknown}
Potions
 e - a potion of haste


   Skills:
 + Level 3.3 Fighting
 - Level 2.0 Short Blades
 + Level 1.2 Polearms
 + Level 2.4 Dodging
 + Level 7.0 Stealth


You had 2 spell levels left.
You didn't know any spells.
Your spell library was empty.

Dungeon Overview and Level Annotations

Branches:
Dungeon (5/15)
 Temple: D:4-7

Altars:
Fedhas
Qazlal
Xom


Innate Abilities, Weirdness & Mutations

You cannot wear most types of armour.
You are amphibious.
You can wear up to eight rings at the same time.
Your skin changes colour to match your surroundings (Stealth+).
Your rubbery body absorbs attacks. (AC +1, EV +1)
((You are camouflaged when in or above water. (Stealth+)))
You have tentacles for arms and can constrict up to eight enemies at once.


Message History

The endoplasm hits you.
You hit the endoplasm.
You kill the endoplasm!
You hit the kobold. Your grab misses the kobold.
The kobold is severely wounded.
An ufetubus comes into view.
The endoplasm hits you. The kobold misses you.
You closely miss the kobold. Your grab misses the kobold.
You squeeze the kobold.
You kill the kobold!
The endoplasm freezes you.
You are frozen.
Unknown command.
Unknown command.
The orc attacks as you move away! The orc misses you.
You hit the endoplasm but do no damage. You squeeze the endoplasm.
You kill the endoplasm!
You hit the orc. You grab the orc.
The orc is severely wounded.
You constrict the orc. The orc misses you.
You hit the orc but do no damage. You squeeze the orc.
You kill the orc!
The ufetubus hits you. x2
Your Stealth skill increases to level 7!
You miss the ufetubus. Your grab misses the ufetubus. The ufetubus hits you.
The ufetubus closely misses you.
You miss the ufetubus. Your grab misses the ufetubus.
Your squeeze misses the ufetubus. The ufetubus closely misses you.
The ufetubus hits you.
* * * LOW HITPOINT WARNING * * *
The ufetubus barely misses you. The ufetubus hits you.
* * * LOW HITPOINT WARNING * * *
You hit the ufetubus. You grab the ufetubus.
The ufetubus is lightly wounded.
You constrict the ufetubus, but do no damage.
The ufetubus closely misses you. The ufetubus misses you.
You hit the ufetubus but do no damage.
The ufetubus is lightly wounded.
You constrict the ufetubus. The ufetubus hits you.
You die...

.#. ....# .##.. ..
...# ...... #.###.[
#...... ..
#.#.#.###.......
..####......#........
.....................
..........>..........
#...............#...
#......@♣♣♣.....# #.
.#.....5♣# #♣......
......).♣ ♣.......
.....!..♣ ♣.......
......... .......
.......... ....(
.........#.
..#......##.
.##....... ##


You could see an ufetubus.

Vanquished Creatures
  A hound (D:5)
  An orc (D:4)
  2 endoplasms (D:4)
  A kobold (D:4)
5 creatures vanquished.

Notes
Turn   | Place    | Note
-------+----------+-------------------------------------------
     0 | D:5      | leafyfresh the Octopode Delver began the quest for the Orb.
     0 | D:5      | Reached XP level 1. HP: 16/16 MP: 1/1
    11 | D:5      | Identified the +8 trident "Efougofe" {venom, Str+3}
    21 | D:5      | Noticed a hound
    26 | D:5      | Killed a hound
    27 | D:5      | Reached skill level 1 in Polearms
    27 | D:5      | Reached XP level 2. HP: 21/21 MP: 2/2
    27 | D:5      | Reached XP level 3. HP: 26/26 MP: 3/3
    27 | D:5      | Found a shimmering altar of Xom.
    28 | D:5      | Found a stormy altar of Qazlal.
    36 | D:5      | Found a blossoming altar of Fedhas.
   117 | D:4      | Reached skill level 7 in Stealth
   120 | D:4      | Slain by an ufetubus

Illustrated notes

Levels and vault maps discovered:
D:4:      layout_cave_pools, minmay_stone_trees_small
D:5:      layout_cave_pools, grunt_temple_overflow_forces_of_nature,
          lemuel_tele_altar, fountainhead, minivault_11,
          amcnicky_mini_corridor_feature

Skill      XL: |  1  2  3 |
---------------+----------+-----
Polearms       | 1 |  1.2
Stealth        | 7 |  7.0
Fighting       | |  3.3
Short Blades   | |  2.0
Dodging        | |  2.4

Action                   || total
-------------------------++-------
Melee: Short sword       ||    13
       Tentacles         ||     3
       Constrict         ||     2
 Stab: Sleeping          ||     1
Dodge: Dodged            ||     8
